 Dungeon Crawl Stone Soup version 0.29.0-4-gdea44cf6ec (webtiles) character file.

Game seed: 7221254251636962646

79 qw the Chopper (level 4, -9/26 HPs)
             Began as a Tengu Warper on Aug 28, 2022.
             Mangled by an orc
             ... wielding a +3 trident
              (10 damage)
             ... on level 3 of the Dungeon.
             The game lasted 00:00:12 (2149 turns).

qw the Chopper (Tengu Warper)                       Turns: 2149, Time: 00:00:13

Health: -9/26      AC:  5    Str: 13    XL:     4   Next: 38%
Magic:  8/8        EV: 11    Int: 13    God:
Gold:   92         SH:  0    Dex: 14    Spells: 7/7 levels left

rFire   . . .      SeeInvis .   Y - +1 hand axe
rCold   . . .      Faith    .   (no shield)
rNeg    . . .      Spirit   .   e - +0 ring mail
rPois   .          Reflect  .   (helmet restricted)
rElec   .          Harm     .   (no cloak)
rCorr   .          Rampage  .   (no gloves)
Will    .....                   (boots unavailable)
Stlth   +.........              (no amulet)
HPRegen 0.08/turn               (no ring)
MPRegen 0.11/turn               (no ring)

@: about to teleport, weak-willed
A: beak, talons 3
a: no special abilities


You were on level 3 of the Dungeon.
You visited 1 branch of the dungeon, and saw 3 of its levels.

You collected 92 gold pieces.


Innate Abilities, Weirdness & Mutations

You have a beak for a mouth.
You have claws for feet.


   Skills:
 - Level 2.0 Fighting
 + Level 5.0 Axes
 - Level 1.0 Throwing
 - Level 1.1 Armour
 - Level 2.1 Dodging
 - Level 2.0 Spellcasting
 - Level 2.4 Translocations


You had 7 spell levels left.
You didn't know any spells.
Your spell library contained the following spells:

 Spells                   Type           Power      Damage    Failure   Level
 Blink                    Tloc           14%        N/A       30%         2
 Gell's Gravitas          Tloc           7%         N/A       52%         3
 Lesser Beckoning         Tloc           7%         N/A       52%         3
 Teleport Other           Tloc           7%         N/A       52%         3
 Manifold Assault         Tloc           7%         N/A       99%         5

Inventory:

Hand Weapons
 f - a +0 whip
 Y - a +1 hand axe (weapon)
Armour
 e - a +0 ring mail (worn)
Potions
 g - a potion of might {unknown}
 h - a potion of heal wounds {unknown}
 i - a potion of attraction {unknown}

Dungeon Overview and Level Annotations

Branches:
Dungeon (3/15)

Altars:


Message History

Where to? (* - list waypoints, Enter - D:2, ? - help)
What level of the Dungeon? (default 1, ? - help)
There is a stone staircase leading down here.
You climb downwards.
The orc shouts!
Found a scale mail, 16 gold pieces and a dark potion.
There is a stone staircase leading up here.
An orc is nearby!
Existing waypoints: (1) D:2 (2) D:1 Assign waypoint to what number? (0-9, D - delete waypoint) Waypoint 2 re-assigned from D:1 to D:3.
Enter note:
2142 ||| Stepping ~*~*~tactically~*~*~ (hiding).
2143 ||| Stepping ~*~*~tactically~*~*~ (hiding).
An adder and 2 orcs come into view.
Found 7 gold pieces.
Found a stone staircase leading down.
The adder hisses angrily.
The orc shouts! x2
An orc comes into view. It is wielding a +0 flail.
The orc hits you from afar with a +3 trident.
The orc shouts!
The orc hits you with a +3 trident. The orc hits you with a +0 short sword.
You hit the adder. You claw the adder.
The adder is severely wounded.
You hit the orc. x2
The adder barely misses you.
You barely miss the adder. You claw the adder, but do no damage.
The adder is severely wounded.
You barely miss the orc. x2
The adder barely misses you. The orc hits you with a +3 trident!
2148 ||| READING scroll of teleportation.
As you read the scroll of teleportation, it crumbles to dust.
You feel strangely unstable. The adder barely misses you.
The adder closely misses you. The orc misses you. The orc closely misses you.
You closely miss the adder. Your kick misses the adder.
The adder is severely wounded.
You hit the orc but do no damage. You closely miss the orc.
The adder bites you. The orc hits you with a +3 trident!
You die...

#....$!.#
#.......#
#.......#
#.......####
#..<[.......
#.......#.#
#.......#
####.##.#
#@# .#
......Soo#
.#
###..#.oo$#
.# #.
#..#..# # #
##..>...
#....##. ...
.# # ......


You could see an adder and 4 orcs.

Vanquished Creatures
  2 adders (D:2)
  A worm (D:2)
  2 dart slugs
  An endoplasm (D:2)
  4 giant cockroaches
  4 goblins
  8 hobgoblins
  7 jackals (D:1)
  6 kobolds
  A quokka (D:2)
  4 ball pythons
  3 bats
  3 frilled lizards
  5 rats
51 creatures vanquished.

Notes
Turn   | Place    | Note
-------+----------+-------------------------------------------
     0 | D:1      | qw the Tengu Warper began the quest for the Orb.
     0 | D:1      | Reached XP level 1. HP: 12/12 MP: 4/4
     0 | D:1      | 0 ||| qw: Version: 0.1-a-89-g26bdef1
     0 | D:1      | 0 ||| qw: Game counter: 3113
     0 | D:1      | 0 ||| qw: Always use a shield: true
     0 | D:1      | 0 ||| qw: God list: Okawaru
     0 | D:1      | 0 ||| qw: Allow faded altars: false
     0 | D:1      | 0 ||| qw: Do Orc after D:15 true
     0 | D:1      | 0 ||| qw: Do second Lair branch before Depths: true
     0 | D:1      | 0 ||| qw: Lair rune preference: random
     0 | D:1      | 0 ||| qw: Plans: Normal
     0 | D:1      | 0 ||| PLANNING D:1-11
    78 | D:1      | 78 ||| Stepping ~*~*~tactically~*~*~ (stealth).
    81 | D:1      | 81 ||| Stepping ~*~*~tactically~*~*~ (stealth).
    86 | D:1      | Reached XP level 2. HP: 13/17 MP: 6/6
   103 | D:1      | Reached skill level 3 in Axes
   123 | D:1      | 123 ||| Stepping ~*~*~tactically~*~*~ (stealth).
   124 | D:1      | 124 ||| Stepping ~*~*~tactically~*~*~ (stealth).
   198 | D:1      | 198 ||| Stepping ~*~*~tactically~*~*~ (stealth).
   201 | D:1      | 201 ||| Stepping ~*~*~tactically~*~*~ (stealth).
   205 | D:1      | 205 ||| Stepping ~*~*~tactically~*~*~ (stealth).
   207 | D:1      | 207 ||| Stepping ~*~*~tactically~*~*~ (stealth).
   209 | D:1      | 209 ||| Stepping ~*~*~tactically~*~*~ (stealth).
   233 | D:1      | 233 ||| Stepping ~*~*~tactically~*~*~ (stealth).
   577 | D:1      | Found a faded altar of an unknown god.
   616 | D:1      | 616 ||| Stepping ~*~*~tactically~*~*~ (hiding).
   718 | D:1      | 718 ||| Stepping ~*~*~tactically~*~*~ (hiding).
   826 | D:1      | Reached XP level 3. HP: 18/21 MP: 7/7
  1045 | D:1      | Reached skill level 4 in Axes
  1356 | D:1      | 1356 ||| Stepping ~*~*~tactically~*~*~ (stealth).
  1357 | D:1      | 1357 ||| Stepping ~*~*~tactically~*~*~ (stealth).
  1384 | D:1      | 1384 ||| UPGRADING to +0 ring mail.
  1394 | D:1      | 1394 ||| DROPPING +0 leather armour.
  1395 | D:1      | 1395 ||| DROPPING ring of flight.
  1396 | D:1      | 1396 ||| READING scroll labelled VOAPRO NAES.
  1397 | D:1      | 1397 ||| DROPPING scroll of blinking.
  1498 | D:2      | Reached XP level 4. HP: 26/26 MP: 8/8
  1717 | D:2      | 1717 ||| Stepping ~*~*~tactically~*~*~ (stealth).
  1819 | D:2      | 1819 ||| Stepping ~*~*~tactically~*~*~ (stealth).
  2097 | D:2      | Reached skill level 5 in Axes
  2117 | D:2      | 2117 ||| READING 2 scrolls labelled VUBLEGY BEMI.
  2121 | D:2      | 2121 ||| READING 2 scrolls labelled LOCVEO DUEPH.
  2122 | D:2      | 2122 ||| READING scroll labelled EXU IVEDIST.
  2123 | D:2      | 2123 ||| READING scroll labelled DUSIBI BAONEAL.
  2124 | D:2      | 2124 ||| DROPPING scroll of vulnerability.
  2142 | D:3      | 2142 ||| Stepping ~*~*~tactically~*~*~ (hiding).
  2143 | D:3      | 2143 ||| Stepping ~*~*~tactically~*~*~ (hiding).
  2147 | D:3      | HP: 4/26 [orc/+3 trident (9)]
  2148 | D:3      | 2148 ||| READING scroll of teleportation.
  2149 | D:3      | HP: 1/26 [adder (4)]
  2149 | D:3      | Mangled by an orc

Levels and vault maps discovered:
D:1:      nzn_arrival_depleted_hourglass, layout_basic,
          chequers_ecumenical_altar_simple_redux, st_stairs_14
D:2:      layout_loops_ring, hangedman_feature_mirror
D:3:      cheibrodos_helix_gallery, layout_loops_cross,
          nicolae_overflow_crystal_walls, grunt_qazlal_sundering,
          minmay_misc_feat_nine_boxes, hangedman_glass_teeth,
          nicolae_figureground_sparkle, uniq_grinder

Skill      XL: |  1  2  3  4 |
---------------+-------------+-----
Axes           | 3 4 5 |  5.0
Fighting       | |  2.0
Throwing       | |  1.0
Armour         | |  1.1
Dodging        | |  2.1
Spellcasting   | |  2.0
Translocations | |  2.4

Action                   |  1- 3 |  4- 6 || total
-------------------------+-------+-------++-------
Melee: Hand axe          |   102 |    30 ||   132
       Kick              |    19 |     9 ||    28
       Peck              |    10 |     5 ||    15
Throw: Boomerang         |     7 |       ||     7
  Use: Scroll            |     1 |     5 ||     6
Armor: Leather armour    |    24 |       ||    24
       Ring mail         |     6 |     8 ||    14
Dodge: Dodged            |    74 |    16 ||    90

Table legend:
 A = Non-vault XP
 B = Vault XP
 C = Vault XP percentage of total XP
 D = Non-vault monster count
 E = Vault monster count
 F = Vault count percentage of total count
                 A         B        C        D         E       F
            +---------+---------+-------+---------+---------+-------
      Total |     106 |       8 |   7.0 |      46 |       5 |   9.8
            +---------+---------+-------+---------+---------+-------
        D:1 |      52 |       4 |   7.1 |      30 |       3 |   9.1
        D:2 |      54 |       4 |   6.9 |      16 |       2 |  11.1
            +---------+---------+-------+---------+---------+-------
